Map: Thunderbird LE

Players

uThermal - Winner!

  • Race: Terran Terran
  • Spawn Location: 5:00

Denver

  • Race: Zerg Zerg
  • Spawn Location: 11:00

Event: 2019 WCS Summer

VOD

Have the link to the VOD?

Description

Time

  • Played on: July 12, 2019, 9:17 a.m.
  • Length: 7:41

All games in this series

Show
View Real Time Build Order
Export as new Build Order

uThermal Terran - Winner!

Build Orders: Reaper Expand 

Get SALT Encoding   

  12  0:01  SCV  
  13  0:13  SCV  
  14  0:17  Supply Depot  
  14  0:25  SCV  
  15  0:38  SCV  
  15  0:39  Barracks  
  16  0:43  Refinery  
  16  0:51  SCV  
  17  1:03  SCV  
  18  1:15  SCV  
  19  1:26  Reaper  
  19  1:27  Orbital Command  
  20  1:39  Command Center  
  20  1:49  Supply Depot  
  20  1:52  SCV  
  21  1:58  Marine  
  22  2:05  SCV  
  22  2:06  Factory  
  23  2:17  SCV  
  23  2:20  Barracks Reactor  
  24  2:29  SCV  
  25  2:41  Command Center  
  25  2:42  SCV  
  26  2:50  Orbital Command  
  26  2:51  Refinery  
  26  2:54  SCV  
  27  3:01  Starport  
  27  3:06  SCV  
  27  3:11  Hellion  
  30  3:15  Hellion  
  30  3:18  SCV  
  30  3:19  SCV  
  34  3:23  Barracks Tech Lab  
  34  3:30  SCV  
  34  3:31  SCV  
  34  3:34  Hellion  
  38  3:36  Hellion  
  40  3:41  Viking  
  40  3:43  SCV  
  40  3:44  SCV  
  43  3:50  Stimpack  
  43  3:51  Marine  
  43  3:54  Orbital Command  
  44  3:57  SCV  
  44  3:58  SCV  
  44  4:01  Hellion  
  48  4:05  Hellion  
  48  4:09  SCV  
  51  4:11  SCV  
  51  4:13  Marine  
  51  4:16  Starport Tech Lab  
  53  4:20  SCV  
  53  4:21  SCV  
  53  4:23  SCV  
  56  4:26  Supply Depot  
  56  4:32  Marine, SCV  
  56  4:33  SCV  
  56  4:36  SCV  
  60  4:40  Barracks  
  60  4:41  Barracks  
  60  4:43  Starport Reactor  
  60  4:45  SCV  
  61  4:48  Siege Tank, Supply Depot  
  61  4:50  Marine, SCV  
  61  4:51  SCV  
  67  4:54  Supply Depot  
  67  5:00  Refinery, SCV, Engineering Bay  
  67  5:01  Refinery, Engineering Bay  
  67  5:02  SCV  
  69  5:10  Marine, SCV  
  69  5:12  SCV  
  72  5:14  SCV  
  72  5:16  Supply Depot  
  72  5:20  Siege Tank  
  76  5:22  SCV  
  76  5:25  SCV  
  76  5:27  SCV  
  76  5:28  Marine, Starport Reactor, Terran Infantry Weapons Level 1, Terran Infantry Armor Level 1  
  80  5:33  Marine  
  80  5:34  Marine  
  82  5:37  SCV x2  
  82  5:42  Marine  
  85  5:43  Marine  
  85  5:47  SCV  
  85  5:51  SCV  
  85  5:54  Marine  
  85  5:55  Combat Shield, Marine  
  85  5:57  Supply Depot  
  88  5:58  Marine, SCV  
  88  6:04  Barracks x2  
  90  6:06  Marine, SCV  
  92  6:11  Marine  
  92  6:12  Supply Depot  
  92  6:18  Marine x2, SCV, Medivac  
  97  6:19  Marine, Supply Depot  
  97  6:24  Marine  
  100  6:28  SCV, Supply Depot  
  100  6:32  Armory  
  101  6:34  Siege Tank, Marine, SCV  
  101  6:37  Marine x2  
  101  6:39  Missile Turret  
  108  6:43  Medivac  
  108  6:45  Marine  
  108  6:46  Marine  
  112  6:48  Medivac  
  112  6:53  Barracks Reactor x2  
  114  6:54  Missile Turret  
  114  6:58  Marine x2  
  114  6:59  Marine  
  115  7:03  Marine  
  116  7:11  Marine  
  116  7:12  Barracks  
  116  7:14  Barracks  
  116  7:15  Barracks  
  119  7:16  Marine x2  
  119  7:17  Marine  
  119  7:21  Marine  
Show
View Real Time Build Order
Export as new Build Order

Denver Zerg 

Build Orders: Hatch First 

Get SALT Encoding   

  12  0:00  Drone  
  13  0:14  Overlord  
  13  0:20  Drone  
  14  0:33  Drone  
  14  0:34  Drone  
  16  0:51  Hatchery  
  16  0:55  Drone  
  16  0:59  Drone  
  16  1:02  Drone  
  18  1:13  Extractor  
  18  1:18  Spawning Pool  
  16  1:21  Drone  
  16  1:24  Drone  
  18  1:30  Drone  
  19  1:41  Drone  
  20  1:51  Drone  
  21  2:05  Queen x2  
  21  2:06  Zergling x4  
  27  2:13  Overlord  
  27  2:14  Drone  
  28  2:16  Metabolic Boost  
  28  2:33  Drone  
  28  2:36  Spore Crawler  
  28  2:38  Hatchery  
  28  2:40  Drone  
  28  2:43  Drone  
  29  2:48  Drone x2  
  31  2:52  Drone  
  31  2:55  Overlord  
  32  3:00  Drone  
  32  3:05  Queen  
  35  3:12  Drone  
  36  3:15  Drone  
  36  3:16  Drone  
  36  3:17  Drone x2  
  40  3:20  Overlord  
  40  3:26  Overlord  
  40  3:34  Queen  
  40  3:40  Drone x3  
  45  3:43  Lair  
  45  3:46  Overlord  
  45  3:50  Overlord  
  45  3:54  Queen  
  47  3:59  Overlord  
  47  4:01  Drone  
  47  4:02  Drone  
  49  4:05  Drone x2  
  49  4:08  Drone x2  
  53  4:16  Zergling x2  
  53  4:17  Zergling x2  
  55  4:20  Spore Crawler  
  55  4:22  Drone  
  55  4:25  Zergling x4  
  55  4:26  Zergling x2  
  55  4:27  Zergling x2  
  55  4:28  Zergling x2  
  55  4:30  Queen  
  61  4:33  Queen  
  61  4:37  Drone, Spore Crawler  
  63  4:45  Zergling x6, Nydus Network  
  65  4:49  Queen  
  67  4:53  Spore Crawler  
  67  4:56  Zergling x6  
  70  5:00  Zergling x4  
  70  5:01  Overseer  
  70  5:06  Zergling x8  
  75  5:16  Zergling x2  
  75  5:17  Zergling x8  
  75  5:20  Overlord  
  80  5:27  Nydus Canal  
  81  5:28  Zergling x2  
  81  5:31  Overlord  
  81  5:33  Overlord  
  81  5:35  Overlord  
  80  5:37  Overlord  
  80  5:41  Overseer  
  77  5:43  Drone x5  
  77  5:45  Drone x2  
  77  5:49  Overlord  
  80  5:51  Drone x6  
  80  5:54  Nydus Canal  
  86  6:00  Drone x5  
  86  6:03  Extractor  
  90  6:05  Drone, Baneling Nest  
  90  6:09  Drone  
  91  6:14  Drone x2  
  91  6:15  Extractor x2  
  91  6:16  Evolution Chamber  
  90  6:23  Drone x2  
  90  6:33  Drone x8  
  90  6:35  Hatchery  
  98  6:40  Zergling x8  
  98  6:46  Evolution Chamber  
  100  6:50  Extractor  
  100  6:51  Extractor  
  99  6:54  Drone x4  
  99  6:57  Zergling x8  
  102  7:02  Zergling x2  
  102  7:03  Zergling x4  
  104  7:09  Zergling x6  
  107  7:16  Zergling x4  
  107  7:18  Baneling x7  
  107  7:22  Zergling x12  
Tags
 
Add a new tag
Caveats
  • Supply blocks, unpowered buildings, or Contaminate may cause inaccurate times.
  • Supply counts are checked every 10 seconds.